 Dungeon Crawl Stone Soup version 0.30-a0-219-gf2db51d15e (webtiles) character file.

Game seed: 1468041769339441205

14340 Flugkiller the Brawler (level 12, -6/103 HPs)
             Began as a Meteoran Chaos Knight on Oct 6, 2022.
             Was a Plaything of Xom.
             Mangled by a death yak (26 damage)
             ... on level 1 of the Lair of Beasts.
             The game lasted 00:28:21 (6274 turns).

Flugkiller the Brawler (Meteoran Chaos Knight)      Turns: 6274, Time: 00:28:22

Health: -6/103     AC: 16    Str: 21    XL:     12   Next: 77%
Magic:  0/20       EV: 11    Int: 20    God:    Xom [*.....]
Gold:   698        SH:  5    Dex: 14    Spells: 12/21 levels left

rFire   . . .      SeeInvis .      - Unarmed
rCold   + . .      Faith    .    z - +0 buckler
rNeg    . . .      Spirit   +    K - +5 scale mail of Plasticity {Rampage Will+ Int+2}
rPois   +          Reflect  .    F - +1 helmet "Hyel Qolu" {Rampage rElec rC+ Slay+3}
rElec   +          Harm     .    (no cloak)
rCorr   .          Rampage  +    (no gloves)
Will    ++...                    (no boots)
Stlth   ..........               O - amulet of guardian spirit
HPRegen 1.17/turn                f - ring of wizardry
MPRegen 0.17/turn                M - +6 ring of strength

@: about to teleport, glowing
A: sense surroundings 2, otherworldly, glowing, explore regen, fangs 1,
iridescent scales 1, poison resistance, regeneration 1, wild magic 1
a: Renounce Religion


You were on level 1 of the Lair of Beasts.
You worshipped Xom.
You were a special plaything of Xom.
You visited 2 branches of the dungeon, and saw 12 of its levels.

You collected 698 gold pieces.

Inventory:

Missiles
 e - 2 javelins
 x - a throwing net
Armour
 a - a +2 leather armour
 d - a +2 robe of positive energy
   (You found it on level 6 of the Dungeon)
 z - a +0 buckler (worn)
   (You found it on level 7 of the Dungeon)
 F - the +1 helmet "Hyel Qolu" (worn) {Rampage rElec rC+ Slay+3}
   (You acquired it on level 10 of the Dungeon)

   Slay:      It affects your accuracy & damage with ranged weapons and melee
   (+3).
   rC:        It protects you from cold.
   rElec:     It insulates you from electricity.
   Rampage:   It bestows one free step when moving towards enemies.
 G - +0 steam dragon scales
   (You found it on level 8 of the Dungeon)
 J - a +0 kite shield
   (You found it on level 8 of the Dungeon)
 K - the +5 scale mail of Plasticity (worn) {Rampage Will+ Int+2}
   (You found it on level 9 of the Dungeon)

   Int:       It affects your intelligence (+2).
   Rampage:   It bestows one free step when moving towards enemies.
   Will:      It increases your willpower.
 Q - a +0 troll leather armour
   (You found it on level 11 of the Dungeon)
Magical Staves
 D - a staff of death
   (You found it on level 7 of the Dungeon)
Jewellery
 f - a ring of wizardry (left hand)
   (You found it on level 1 of the Dungeon)
 u - a ring of positive energy
   (You found it on level 5 of the Dungeon)
 C - a ring of positive energy
   (You took it off a gnoll on level 6 of the Dungeon)
 M - a +6 ring of strength (right hand)
   (You found it on level 10 of the Dungeon)
 N - a ring of fire
   (You found it on level 9 of the Dungeon)
 O - an amulet of guardian spirit (around neck)
   (You found it on level 10 of the Dungeon)
 R - an amulet of the acrobat
   (You found it on level 1 of the Lair of Beasts)
Wands
 i - a wand of roots (10)
   (You found it on level 6 of the Dungeon)
 r - a wand of charming (5)
   (You found it on level 10 of the Dungeon)
 E - a wand of light (16)
   (You found it on level 7 of the Dungeon)
Scrolls
 g - a scroll of enchant weapon
 k - 3 scrolls of fog
 s - 2 scrolls of enchant armour
 t - 9 scrolls of teleportation
 v - a scroll of magic mapping
 y - a scroll of summoning
 A - 2 scrolls of vulnerability
 B - 5 scrolls of amnesia
 I - 2 scrolls of immolation
 L - a scroll of poison
 P - a scroll of fear
Potions
 c - 4 potions of brilliance
 h - a potion of haste
 j - 6 potions of cancellation
 l - 5 potions of magic
 m - 3 potions of lignification
 n - 2 potions of resistance
 o - a potion of berserk rage {unknown}
 p - 2 potions of mutation
 q - 4 potions of curing
 w - 4 potions of heal wounds
 H - 3 potions of attraction
Miscellaneous
 b - a piece from Xom's chessboard (15/15) (quivered)


   Skills:
 + Level 8.4 Fighting
 + Level 4.8 Armour
 + Level 5.1 Dodging
 - Level 4.0 Shields
 - Level 17.0 Unarmed Combat
 + Level 5.1 Spellcasting
 + Level 0.9 Conjurations
 - Level 4.0 Translocations
 + Level 0.8 Ice Magic
 + Level 5.1 Air Magic
 - Level 6.0 Evocations


You had 12 spell levels left.
You knew the following spells:

 Your Spells              Type           Power      Damage    Failure   Level
a - Vhi's Electric Charg  Tloc/Air       60%        N/A       11%         3
b - Freezing Cloud        Conj/Ice/Air   9%         6-21      86%         5
q - Apportation           Tloc           54%        N/A       4%          1

Your spell library contained the following spells:

 Spells                   Type           Power      Damage    Failure   Level
 Shock                    Conj/Air       88%        1d8       7%          1
 Swiftness                Air            33%        N/A       9%          3
 Gell's Gravitas          Tloc           27%        N/A       12%         3
 Lesser Beckoning         Tloc           54%        N/A       12%         3
 Teleport Other           Tloc           27%        N/A       12%         3
 Magic Dart               Conj           44%        1d5       14%         1
 Kindle Blastsparks       Fire/Tloc/Air  44%        2d13      17%         3
 Necrotise                Necr           24%        1d5       21%         1
 Searing Ray              Conj           22%        2d5       21%         2
 Airstrike                Air            16%        2d(3-19)  24%         4
 Ignite Poison            Fire/Tmut/Pois 6%         N/A       47%         3
 Vampiric Draining        Necr           6%         2d6       47%         3
 Fulminant Prism          Conj/Hex       4%         3d6       80%         4
 Arcjolt                  Conj/Air       11%        1d21      80%         5
 Agony                    Necr           6%         N/A       99%         5
 Alistair's Intoxication  Tmut/Pois      4%         N/A       99%         5
 Maxwell's Capacitive Co  Air            16%        ∞         100%        8


Dungeon Overview and Level Annotations

Branches:
Dungeon (11/15) Zot: 772     Lair (1/5) D:9 Zot: 376     Orc (0/2) D:11
 Temple: D:4-7

Altars:
Ashenzari
Dithmenos
Elyvilon
Kikubaaqudgha
Qazlal
Ru
Uskayaw
Vehumet
Xom
Zin


Innate Abilities, Weirdness & Mutations

You passively map the area around you.
You are easily found by Zot.
You glow in the dark.
You regain HP and MP as you explore.
You have very sharp teeth.
You are partially covered in iridescent scales. (AC +2)
Your system is resistant to poisons. (rPois)
Your natural rate of healing is unusually fast.
Your spells are a little harder to cast, but a little more powerful.


Message History

The basilisk is heavily wounded.
You rampage towards the wolf!
The basilisk bites you.
You pummel the basilisk!!
You kill the basilisk!
You rampage towards the wolf!
You punch the wolf!
The wolf is severely wounded.
You pummel the wolf!!
You kill the wolf!
You barely miss the wolf. You bite the wolf, but do no damage.
The wolf bites you but does no damage.
The wolf bites itself but does no damage.
You punch the wolf!
The wolf is severely wounded.
The wolf closely misses you.
The wolf bites itself but does no damage.
You barely miss the wolf. You bite the wolf, but do no damage.
The wolf is severely wounded.
You closely miss the wolf.
The wolf is severely wounded.
The wolf misses you.
You rampage towards the wolf!
You pummel the wolf!!
You kill the wolf!
No target in view!
You open the door.
There is an open door here. 2 death yaks come into view.
The death yak bellows!
A death yak comes into view. x2
A death yak comes into view.
The death yak bellows!
A death yak comes into view.
There is an open door here.
Something gores the fungus!!
The fungus begins to die.
The death yak bellows!
You hit the death yak but do no damage. Your bite misses the death yak.
You barely miss the death yak.
You bite the death yak, but do no damage.
The death yak gores you.
You pummel the death yak!!
The death yak is moderately wounded.
The death yak misses you.
You punch the death yak!
The death yak is heavily wounded.
The death yak gores you but does no damage.
Something gores the fungus!
You punch the death yak!
The death yak is heavily wounded.
You hit the death yak but do no damage.
The death yak is heavily wounded.
A nearby fungus withers and dies.
You hit the death yak but do no damage. Your bite misses the death yak.
You hit the death yak. Your bite misses the death yak.
The death yak is lightly wounded.
The death yak gores you.
You punch the death yak!
The death yak is lightly wounded.
You hit the death yak but do no damage.
You bite the death yak, but do no damage.
The death yak is lightly wounded. "Forecast: mostly cloudy."
The death yak gores you!
You hit the death yak but do no damage. Your bite misses the death yak.
The death yak is lightly wounded.
You are engulfed in seething chaos.
The death yak gores you!
You barely miss the death yak.
The death yak is lightly wounded.
You are engulfed in seething chaos.
The death yak barely misses you. The death yak attacks as you move away!
The death yak gores you!
You punch the death yak!
The death yak is moderately wounded.
You hit the death yak.
The death yak is moderately wounded.
The death yak is engulfed in seething chaos.
The death yak seems to slow down.
Xom is amused.
Xom thinks this is hilarious!
The death yak is engulfed in seething chaos.
The death yak attacks as you move away!
The death yak gores you but does no damage.
The death yak is engulfed in seething chaos.
The death yak goes berserk!
The death yak attacks as you move away!
The death yak gores you but does no damage.
The death yak rages.
The death yak attacks as you move away! The death yak gores you!
The death yak rages.
The death yak attacks as you move away! You block the death yak's attack.
The death yak attacks as you move away!
The death yak gores you!! "Hum-dee-hum-dee-hum..."
The death yak looks momentarily different.
The death yak gores you!
As you read the scroll of teleportation, it crumbles to dust.
You feel strangely unstable. The death yak gores you!!
* * * LOW HITPOINT WARNING * * *
You block the death yak's attack.
Unknown command.
Okay, then.
As you read the scroll of summoning, it crumbles to dust.
Wisps of shadow whirl around you... The death yak gores you!!
You die...
Xom bursts into laughter!

###'##### #......
#...Y...# * *#......
#.......#** *, +.....(
#...Y...# ,, #......
#.......+ * *#......
#....Y..# ** * ###.#'#
#...kY..# ##.#
#####Y+## #..# ##@##
##... #l.### ## #...#
##l..# #.###..#.
#####..+### #.......
#......†..####.......
#.........†.#........#
##.........##.#.......
#........†...#.......
#.........+.#########


You could see 5 death yaks, a friendly komodo dragon (summoned), a friendly
basilisk (summoned) and a friendly rime drake (summoned).

Vanquished Creatures
  A hydra (D:9)
  A boulder beetle (D:11)
  3 komodo dragons (Lair:1)
  Psyche (D:8)
  An unseen horror (D:10)
  3 trolls
  A wyvern (D:7)
  2 vampires
  3 wraiths
  19 yaks
  3 basilisks (Lair:1)
  3 steam dragons
  2 water moccasins
  2 ice beasts
  6 orc warriors
  A black bear (D:6)
  5 ogres
  7 centaurs
  A phantom (D:6)
  4 wolves (Lair:1)
  2 kobold brigands
  5 bullfrogs
  3 earth elementals
  2 necrophages
  2 gnoll sergeants
  14 wights
  19 killer bees
  7 howler monkeys
  7 electric eels
  4 jellies
  3 orc priests
  2 gnoll boudas
  6 hounds
  12 orc wizards
  12 gnolls
  6 adders
  A shadow imp (D:7)
  4 white imps
  2 worms (D:2)
  2 dart slugs
  36 orcs
  8 endoplasms
  3 giant cockroaches
  A goblin (D:3)
  11 hobgoblins
  2 quokkas
  5 ball pythons
  8 bats
  3 frilled lizards
  11 kobolds
  6 rats
278 creatures vanquished.

Vanquished Creatures (collateral kills)
  A shadow (D:11)
  Menkaure (D:5)
  A kobold brigand (D:9)
  A killer bee (D:10)
  3 orc priests (D:11)
  5 orcs (D:11)
  6 kobolds (D:9)
18 creatures vanquished.

Vanquished Creatures (others)
  A killer bee (D:9)
  An orc wizard (D:6)
  An orc (D:8)
  2 fungi (Lair:1)
  4 plants
9 creatures vanquished.

Grand Total: 305 creatures vanquished

Notes
Turn   | Place    | Note
-------+----------+-------------------------------------------
     0 | D:1      | Flugkiller the Meteoran Chaos Knight began the quest for
                  | the Orb.
     0 | D:1      | Reached XP level 1. HP: 19/19 MP: 2/2
    81 | D:1      | Reached skill level 4 in Unarmed Combat
    81 | D:1      | Reached XP level 2. HP: 26/26 MP: 3/3
   252 | D:1      | Reached XP level 3. HP: 26/31 MP: 4/4
   311 | D:2      | XOM: divination: detect creatures
   360 | D:2      | XOM: potion effect (haste)
   379 | D:2      | Reached skill level 5 in Unarmed Combat
   459 | D:2      | Reached XP level 4. HP: 34/38 MP: 5/5
   564 | D:2      | Found a faded altar of an unknown god.
   665 | D:2      | Reached skill level 6 in Unarmed Combat
   775 | D:3      | Learned a level 1 spell: Apportation
   873 | D:3      | Reached XP level 5. HP: 28/45 MP: 6/6
  1152 | D:3      | Reached skill level 1 in Spellcasting
  1221 | D:4      | Reached skill level 1 in Translocations
  1252 | D:4      | Noticed an ogre
  1260 | D:4      | XOM: butterfly on damage
  1304 | D:4      | Killed an ogre
  1305 | D:4      | Reached XP level 6. HP: 18/51 MP: 8/10
  1585 | D:4      | Reached XP level 7. HP: 57/57 MP: 12/12
  1601 | D:4      | Found a broken altar of Ashenzari.
  1604 | D:4      | Found an ancient bone altar of Kikubaaqudgha.
  1606 | D:4      | XOM: divination: magic mapping
  1653 | D:5      | Entered Level 5 of the Dungeon
  1709 | D:5      | Found a glowing silver altar of Zin.
  1712 | D:5      | Found a hide-covered altar of Uskayaw.
  1770 | D:5      | Reached skill level 7 in Unarmed Combat
  1849 | D:5      | Noticed Menkaure
  1860 | D:5      | XOM: summons friendly iron imp
  1871 | D:5      | Killed Menkaure
  1872 | D:5      | Reached skill level 8 in Unarmed Combat
  2001 | D:5      | XOM: scenery: 1 doors open, 1 doors close
  2083 | D:5      | XOM: cast spell 'Statue Form'
  2101 | D:5      | Reached XP level 8. HP: 63/63 MP: 13/13
  2176 | D:5      | Reached skill level 9 in Unarmed Combat
  2326 | D:6      | XOM: cloud trail
  2351 | D:6      | XOM: divination: detect creatures
  2360 | D:6      | Reached skill level 10 in Unarmed Combat
  2558 | D:6      | HP: 3/63 [centaur (4)]
  2560 | D:6      | Reached skill level 11 in Unarmed Combat
  2702 | D:6      | Gained mutation: You passively map the area around you.
                  | [Meteoran growth]
  2702 | D:6      | Reached XP level 9. HP: 59/70 MP: 14/14
  2716 | D:6      | Learned a level 3 spell: Vhi's Electric Charge
  2716 | D:6      | XOM: god gift: book of Displacement
  2766 | D:6      | Found a stormy altar of Qazlal.
  2773 | D:6      | Found a shadowy altar of Dithmenos.
  2853 | D:6      | HP: 1/70 [gnoll/+0 whip[a gnoll bouda] (6)]
  2966 | D:6      | XOM: give mutations
  2966 | D:6      | Gained mutation: You are partially covered in iridescent
                  | scales. (AC +2) [Xom's grace]
  2966 | D:6      | Gained mutation: Your natural rate of healing is unusually
                  | fast. [Xom's grace]
  2966 | D:6      | Gained mutation: Your skin changes colour to match your
                  | surroundings (Stealth+). [Xom's grace]
  2969 | D:6      | Reached skill level 1 in Air Magic
  3026 | D:6      | Found a white marble altar of Elyvilon.
  3061 | D:6      | XOM: cloud trail
  3183 | D:7      | XOM: noise
  3274 | D:7      | XOM: 2-stop teleportation journey
  3349 | D:7      | XOM: summons friendly iron imp
  3355 | D:7      | XOM: cleaving
  3359 | D:7      | Reached skill level 12 in Unarmed Combat
  3388 | D:7      | Reached skill level 5 in Fighting
  3388 | D:7      | Reached skill level 5 in Spellcasting
  3388 | D:7      | Reached XP level 10. HP: 45/81 MP: 18/18
  3480 | D:7      | XOM: scenery: create altars
  3549 | D:7      | Found a sacrificial altar of Ru.
  3810 | D:8      | Reached skill level 5 in Air Magic
  4053 | D:8      | XOM: 2-stop teleportation journey
  4081 | D:8      | Reached skill level 1 in Shields
  4117 | D:8      | Reached skill level 1 in Evocations
  4145 | D:8      | XOM: silly message
  4257 | D:8      | XOM: stat loss: -1 Dex (13/14)
  4282 | D:8      | Noticed Psyche
  4286 | D:8      | XOM: noise
  4290 | D:8      | XOM: swap monsters
  4297 | D:8      | Killed Psyche
  4299 | D:8      | XOM: confusion
  4307 | D:8      | XOM: give mutations
  4307 | D:8      | Lost mutation: Your skin changes colour to match your
                  | surroundings (Stealth+). [Xom's mischief]
  4307 | D:8      | Gained mutation: Your system is resistant to poisons.
                  | (rPois) [Xom's mischief]
  4307 | D:8      | Gained mutation: You have very sharp teeth. [Xom's
                  | mischief]
  4307 | D:8      | Gained mutation: Your spells are a little harder to cast,
                  | but a little more powerful. [Xom's mischief]
  4358 | D:9      | XOM: cast spell 'Summon Hydra'
  4391 | D:9      | XOM: confuse monster(s)
  4393 | D:9      | Reached XP level 11. HP: 41/91 MP: 19/19
  4411 | D:9      | Reached skill level 5 in Evocations
  4419 | D:9      | Identified the +5 scale mail of Plasticity {Rampage Will+
                  | Int+2}
  4455 | D:9      | XOM: 2-stop teleportation journey
  4567 | D:9      | XOM: potion effect (heal wounds)
  4614 | D:9      | Found a staircase to the Lair.
  4635 | D:9      | Found a radiant altar of Vehumet.
  4678 | D:9      | Noticed a five-headed hydra
  4685 | D:9      | XOM: potion effect (curing)
  4693 | D:9      | Killed a five-headed hydra
  4694 | D:9      | Reached skill level 13 in Unarmed Combat
  4756 | D:9      | XOM: potion effect (haste)
  4871 | D:10     | Entered Level 10 of the Dungeon
  5077 | D:10     | XOM: potion effect (magic)
  5164 | D:10     | Identified a scroll of acquirement
  5204 | D:10     | Reached skill level 14 in Unarmed Combat
  5212 | D:10     | Acquired the +1 helmet "Hyel Qolu" {Rampage rElec rC+
                  | Slay+3}
  5233 | D:10     | XOM: confusion (+ monsters)
  5557 | D:11     | Reached skill level 15 in Unarmed Combat
  5557 | D:11     | Reached XP level 12. HP: 57/101 MP: 8/20
  5559 | D:11     | XOM: polymorph yak -> troll
  5630 | D:10     | XOM: blink monster(s)
  5631 | D:10     | XOM: destruction
  5727 | D:11     | Found a staircase to the Orcish Mines.
  5730 | D:11     | XOM: noise
  5834 | D:11     | Noticed a boulder beetle
  5849 | D:11     | Killed a boulder beetle
  5850 | D:11     | Reached skill level 16 in Unarmed Combat
  6020 | Lair:1   | Entered Level 1 of the Lair of Beasts
  6030 | Lair:1   | XOM: fog
  6113 | Lair:1   | XOM: snakes to sticks
  6125 | Lair:1   | XOM: noise
  6129 | Lair:1   | Reached skill level 17 in Unarmed Combat
  6162 | Lair:1   | XOM: scenery: summon butterflies
  6173 | Lair:1   | Reached skill level 5 in Dodging
  6179 | Lair:1   | Learned a level 5 spell: Freezing Cloud
  6214 | Lair:1   | XOM: confuse monster(s)
  6244 | Lair:1   | Noticed a death yak
  6244 | Lair:1   | Noticed a death yak
  6245 | Lair:1   | Noticed a death yak
  6245 | Lair:1   | Noticed a death yak
  6246 | Lair:1   | Noticed a death yak
  6246 | Lair:1   | Noticed a death yak
  6260 | Lair:1   | XOM: chaos cloud
  6271 | Lair:1   | XOM: polymorph death yak -> death yak
  6274 | Lair:1   | Mangled by a death yak

Illustrated notes

Levels and vault maps discovered:
D:1:      psy_arrival_heroes, layout_basic
D:2:      layout_loops_cross, hellmonk_ecumenical_altar_arch_garden,
          st_stairs_11
D:3:      layout_loops_cross
D:4:      layout_basic, gammafunk_temple_overflow_forgotten
D:5:      layout_basic, overflow_temple_1_default, amcnicky_altar_gilded,
          minmay_temple_entry_statues_pillars, uniq_menkaure
D:6:      layout_loops_corners, kennysheep_mini_moat, kennysheep_little_box,
          overflow_temple_1_default
D:7:      minmay_thinvault, layout_rooms, nicolae_tso_swordbearing_angel,
          nicolae_ru_awakened_eye, chequers_mini_garden
D:8:      layout_loops_corners, serial_bayou_pond_d, grunt_ministairs_10,
          uniq_psyche
D:9:      layout_rooms, nicolae_vehumet_altar_sigil, lair_entry_dummy,
          st_stairs_11, kennysheep_minor_cross, serial_bayou_ford_a
D:10:     minmay_stone_box, layout_irregular_city
D:11:     layout_rooms, erik_orc_2
Lair:1:   layout_roguey, wad_woods_03

Skill      XL: |  1  2  3  4  5  6  7  8  9 10 11 12 |
---------------+-------------------------------------+-----
Unarmed Combat | 4 5 6 8 11 12 15 17 | 17.0
Spellcasting   | 2 3 5 |  5.1
Translocations | 2 3 4 |  4.0
Air Magic      | 3 5 |  5.1
Fighting       | 5 6 8 |  8.4
Dodging        | 4 5 |  5.1
Shields        | 3 4 |  4.0
Evocations     | 4 6 |  6.0
Armour         | 4 |  4.8
Conjurations   | |  0.9
Ice Magic      | |  0.8

Action                   |  1- 3 |  4- 6 |  7- 9 | 10-12 || total
-------------------------+-------+-------+-------+-------++-------
Melee: Unarmed           |    69 |   168 |   224 |   683 ||  1144
       Punch             |     4 |     3 |    12 |       ||    19
       Bite              |       |       |       |    64 ||    64
 Cast: Vhi's Electric Ch |       |       |     4 |    31 ||    35
Evoke: Piece from Xom's  |       |       |    11 |     2 ||    13
       Wand              |       |       |     2 |    12 ||    14
  Use: Scroll            |       |     6 |    12 |    12 ||    30
       Potion            |       |       |     1 |     1 ||     2
 Stab: Invisible         |       |       |       |     3 ||     3
       Sleeping          |       |       |       |     1 ||     1
       Confused          |       |       |       |     1 ||     1
Armor: Leather armour    |    16 |    62 |    75 |    36 ||   189
       Skin              |       |       |     6 |       ||     6
       Steam dragon scal |       |       |       |    28 ||    28
       Scale mail        |       |       |       |   191 ||   191
Dodge: Dodged            |    21 |    81 |   112 |   227 ||   441
Block: Buckler           |       |       |     9 |   115 ||   124

Table legend: (Time is in decaauts)
 A = Elapsed time spent in this place.
 B = Non-inter-level travel time spent in this place.
 C = Inter-level travel time spent in this place.
 D = Time resting spent in this place.
 E = Time spent auto-exploring this place.
 F = Levels seen in this place.
 G = Mean time per level.
                   A        B        C        D        E       F      G
               +--------+--------+--------+--------+--------+-----+--------+
         Total |   6050 |   5429 |    621 |      0 |      0 |  12 |  504.2 |
       Dungeon |   5827 |   5206 |    621 |      0 |      0 |  11 |  529.7 |
          Lair |    222 |    222 |      0 |      0 |      0 |   1 |  222.0 |
               +--------+--------+--------+--------+--------+-----+--------+

Top non-repeatable levels by time:
     D:6: 767 daAuts
     D:5: 675 daAuts
    D:10: 640 daAuts
     D:8: 609 daAuts
     D:7: 606 daAuts
     D:9: 491 daAuts
     D:2: 456 daAuts
     D:4: 439 daAuts
    D:11: 432 daAuts
     D:3: 426 daAuts
     D:1: 282 daAuts
  Lair:1: 222 daAuts
